Map: King's Cove LE

Players

Woah - Winner!

  • Race: Terran Terran
  • League: Diamond
  • Spawn Location: 5:00

ShadowKiss

  • Race: Terran Terran
  • League: Diamond
  • Spawn Location: 11:00

VOD

Have the link to the VOD?

Description

Time

  • Played on: June 15, 2019, 12:03 a.m.
  • Length: 15:00
Show
View Real Time Build Order
Export as new Build Order

Woah Terran - Winner!

Build Orders:  

Get SALT Encoding   

  12  0:01  SCV  
  13  0:13  SCV  
  14  0:19  Supply Depot  
  14  0:25  SCV  
  15  0:29  Refinery  
  15  0:41  SCV  
  16  0:47  Barracks  
  16  0:54  SCV  
  17  0:59  Refinery  
  17  1:07  SCV  
  18  1:19  SCV  
  18  1:40  Reaper, Factory  
  18  1:42  SCV  
  20  1:56  Orbital Command  
  20  2:13  Supply Depot  
  20  2:14  Reaper  
  21  2:26  SCV  
  22  2:35  Hellion  
  24  2:46  Reaper  
  25  3:00  Command Center  
  25  3:07  SCV, Factory Tech Lab  
  26  3:19  SCV  
  27  3:31  SCV  
  27  3:32  Cyclone  
  31  3:39  Starport  
  31  3:42  Supply Depot  
  31  4:00  Barracks Reactor  
  31  4:04  SCV, Supply Depot  
  31  4:05  Engineering Bay  
  31  4:16  SCV  
  32  4:28  SCV  
  33  4:35  Orbital Command  
  33  4:40  SCV, Marine x2  
  36  4:52  SCV  
  32  5:04  SCV  
  32  5:07  Cloaking Field, Banshee  
  33  5:08  Marine x2, Factory Tech Lab  
  38  5:14  Barracks  
  38  5:16  SCV  
  38  5:19  SCV  
  40  5:26  Siege Tank  
  43  5:28  SCV  
  43  5:29  Marine x2  
  43  5:33  SCV  
  47  5:37  Barracks  
  47  5:42  Missile Turret  
  45  5:52  Viking  
  44  6:07  SCV x2  
  44  6:19  SCV  
  44  6:20  SCV  
  44  6:22  Missile Turret  
  47  6:30  Barracks Reactor, Barracks Tech Lab  
  47  6:31  SCV  
  47  6:32  SCV  
  49  6:43  SCV  
  49  6:44  SCV  
  51  6:56  SCV  
  50  7:02  Siege Tank  
  50  7:04  Command Center, Factory  
  44  7:36  Siege Tank  
  47  7:39  Stimpack  
  47  7:40  SCV x2  
  49  7:45  Marine x3, Barracks x2  
  49  7:46  Barracks  
  52  7:52  SCV  
  52  7:55  Missile Turret  
  52  7:56  Refinery  
  53  8:02  Marine  
  54  8:08  Siege Tank  
  54  8:12  Starport Reactor  
  57  8:16  Marine x2  
  57  8:17  Marine x2  
  57  8:18  Orbital Command  
  62  8:20  SCV x2, Marine  
  64  8:30  Terran Infantry Weapons Level 1  
  64  8:32  SCV x2  
  69  8:34  Marine  
  69  8:35  Barracks Reactor  
  67  8:42  Refinery, Marine x3, Supply Depot  
  67  8:43  Barracks Reactor  
  67  8:46  SCV x2  
  67  8:48  Refinery  
  72  8:56  SCV  
  72  8:58  SCV  
  72  9:00  Refinery  
  71  9:09  Viking x2, Marine x2  
  74  9:10  Marine  
  74  9:11  Marine x3  
  74  9:14  SCV, Barracks Reactor  
  74  9:15  SCV  
  78  9:30  Siege Tank  
  81  9:31  Siege Tank  
  81  9:34  SCV  
  81  9:35  SCV x2  
  83  9:40  Supply Depot  
  83  9:45  Combat Shield, Marine  
  84  9:46  SCV  
  84  9:52  Marine x3  
  85  9:53  Marine x3  
  85  9:54  Marine  
  74  10:06  Marine x2  
  74  10:07  Marine x2  
  70  10:09  Marine  
  70  10:10  Marine x2  
  70  10:11  Marine x2  
  70  10:13  Marine x2  
  78  10:24  Marine x4  
  78  10:27  Marine x2  
  78  10:28  Marine  
  77  10:29  Viking x2, Marine x2  
  77  10:31  Marine  
  85  10:37  Supply Depot  
  85  10:48  SCV, Marine  
  85  10:58  Marine x3  
  85  10:59  SCV x2, Siege Tank x2  
  85  11:00  Viking  
  85  11:01  Marine x3  
  90  11:11  Medivac  
  90  11:17  SCV  
  93  11:30  Supply Depot x2  
  93  11:51  Medivac  
  93  11:52  SCV x3, Siege Tank, Marine x10  
  109  11:56  Marine  
  107  12:04  SCV  
  95  12:09  Marine x7  
  93  12:19  Marine  
  93  12:20  Marine x3  
  93  12:21  Siege Tank  
  93  12:22  Viking x2  
  104  12:24  Siege Tank  
  104  12:27  Marine x2  
  109  12:57  Marine x2  
  109  13:07  SCV  
  109  13:08  SCV, Supply Depot, Command Center, Marine  
  109  13:10  Supply Depot x2  
  109  13:26  Siege Tank  
  109  13:29  SCV, Siege Tank, Marine x4  
  109  13:31  Marine x7  
  109  13:33  Supply Depot  
  124  13:36  Command Center  
  124  13:47  Marine x2  
  124  13:48  Marine x2  
  127  13:49  Marine x7  
  135  13:58  Siege Tank  
  135  14:01  Siege Tank  
  119  14:24  Marauder  
Show
View Real Time Build Order
Export as new Build Order

ShadowKiss Terran 

Build Orders: Mech 

Get SALT Encoding   

  12  0:01  SCV  
  13  0:13  SCV  
  14  0:19  Supply Depot  
  14  0:25  SCV  
  15  0:29  Refinery  
  15  0:41  SCV  
  16  0:48  Barracks  
  16  0:53  SCV  
  17  1:00  Refinery  
  17  1:05  SCV  
  18  1:17  SCV  
  19  1:43  Reaper  
  19  1:44  Orbital Command  
  20  1:48  Factory  
  20  2:12  SCV  
  21  2:27  Command Center  
  21  2:37  Barracks Tech Lab  
  21  2:40  Hellion  
  21  2:41  SCV  
  23  2:55  Supply Depot  
  23  3:10  Barracks Reactor  
  23  3:14  Starport  
  23  3:17  SCV, Siege Tank  
  26  3:29  SCV  
  27  3:41  SCV  
  28  3:53  SCV  
  29  4:02  Liberator x2  
  29  4:19  Cyclone  
  36  4:37  SCV  
  37  4:45  Factory  
  37  4:48  Factory  
  36  5:19  SCV  
  36  5:20  Orbital Command  
  37  5:22  Viking x2  
  37  5:23  Siege Tank  
  44  5:33  Barracks Tech Lab, Factory Tech Lab  
  44  5:34  Factory Tech Lab  
  44  5:35  Command Center  
  44  5:45  SCV  
  44  5:46  SCV  
  46  5:52  Viking  
  48  6:08  SCV  
  48  6:09  Viking  
  48  6:21  Siege Tank  
  51  6:28  SCV  
  49  6:34  Viking  
  49  6:36  SCV  
  52  6:40  SCV, Refinery  
  52  6:42  Refinery  
  52  6:46  Hellion x2  
  57  6:48  Supply Depot  
  57  6:51  Supply Depot  
  57  6:54  Orbital Command  
  59  7:03  Supply Depot x2  
  52  7:34  SCV x3  
  58  7:44  Siege Tank x2  
  61  7:51  SCV  
  61  7:55  SCV x2  
  64  8:03  SCV  
  64  8:05  Hellion x2  
  69  8:07  SCV x2  
  71  8:15  SCV  
  71  8:16  Siege Tank x2  
  71  8:17  Raven  
  80  8:23  Engineering Bay  
  80  8:39  SCV x2  
  82  8:44  Supply Depot  
  82  8:45  Supply Depot  
  77  9:11  Siege Tank x2  
  77  9:12  Hellion x2  
  77  9:13  SCV x2  
  77  9:14  SCV  
  90  9:26  Raven  
  92  9:34  Hellion x2  
  96  9:43  Siege Tank, Supply Depot  
  99  9:53  Siege Tank  
  99  9:57  Orbital Command  
  96  10:15  Hellion x2, Siege Tank  
  103  10:28  SCV x3  
  101  10:31  Raven  
  101  10:33  Siege Tank  
  101  10:35  Factory  
  106  10:36  Factory  
  106  10:40  SCV  
  107  10:57  Siege Tank  
  104  11:05  Siege Tank  
  104  11:09  SCV x2  
  104  11:10  SCV  
  105  11:16  Starport  
  105  11:19  Starport  
  105  11:21  SCV  
  106  11:32  Factory Tech Lab x2  
  106  11:34  SCV x2  
  106  11:35  SCV  
  107  11:46  SCV  
  106  12:00  Starport Reactor x2  
  106  12:01  Viking  
  106  12:02  SCV x3  
  108  12:09  Refinery  
  105  12:16  SCV x2  
  105  12:17  SCV  
  105  12:19  Refinery  
  105  12:21  Siege Tank x3  
  115  12:31  Siege Tank  
  116  12:57  Viking x4  
  108  13:30  Viking x2  
  108  13:31  Viking x3  
  118  13:38  Siege Tank x2  
Tags
 
Composition
Mech
Matchup
TvT
Race
Terran
Replay Pack
r1
Spawn Locations
Cross Positions
Add a new tag
Caveats
  • Supply blocks, unpowered buildings, or Contaminate may cause inaccurate times.
  • Supply counts are checked every 10 seconds.